 Dungeon Crawl Stone Soup version 0.29-a0-757-g358383bc75 (webtiles) character file.

Game seed: 11464927526877825566

11678 dolemite99 the Basher (level 11, -10/83 HPs)
             Began as a Demonspawn Fighter on July 1, 2022.
             Was a High Priest of Okawaru.
             Mangled by a yak (11 damage)
             ... on level 1 of the Lair of Beasts.
             The game lasted 00:15:46 (15096 turns).

dolemite99 the Basher (Demonspawn Fighter)         Turns: 15096, Time: 00:15:47

Health: -10/83     AC: 18    Str: 26    XL:     11   Next: 52%
Magic:  11/11      EV:  6    Int: 10    God:    Okawaru [*****.]
Gold:   424        SH: 10    Dex: 13    Spells: 10/10 levels left

rFire   . . .      SeeInvis .   a - +6 eveningstar
rCold   . . .      Faith    .   e - +0 kite shield
rNeg    . . .      Spirit   .   l - +0 plate armour
rPois   .          Reflect  .   (no helmet)
rElec   .          Harm     .   A - +0 cloak
rCorr   .          Rampage  .   (gloves unavailable)
Will    +....                   q - +0 pair of boots
Stlth   ..........              (no amulet)
HPRegen 0.23/turn               b - ring of willpower
MPRegen 0.12/turn               x - +6 ring of strength

@: mighty, lethally poisoned (-10 -> -12)
A: yellow scales 1, powered by pain 2, demonic magic 2, demonic touch 3
a: Renounce Religion, Heroism, Finesse, Duel


You were on level 1 of the Lair of Beasts.
You worshipped Okawaru.
Okawaru was extremely pleased with you.
You visited 2 branches of the dungeon, and saw 10 of its levels.

You collected 689 gold pieces.
You spent 265 gold pieces at shops.

Inventory:

Hand Weapons
 a - a +6 eveningstar (weapon)
 s - a +2 vorpal flail
 B - a +0 war axe
 F - a +1 vorpal flail
Missiles
 k - 22 boomerangs
 w - 34 poisoned darts (quivered)
 C - 6 javelins
Armour
 e - a +0 kite shield (worn)
 g - a +2 pair of gloves
 l - a +0 plate armour (worn)
 q - a +0 pair of boots (worn)
 A - a +0 cloak (worn)
Jewellery
 b - a ring of willpower (left hand)
 d - a +6 ring of dexterity
 h - a ring of willpower
 m - a ring of positive energy
 n - a +6 ring of dexterity
 x - a +6 ring of strength (right hand)
 y - a ring of see invisible
Wands
 c - a wand of paralysis (3)
 u - a wand of digging (2)
Scrolls
 i - 3 scrolls of silence
 j - 2 scrolls of teleportation
 E - a scroll of identify {@r1}
 G - a scroll of vulnerability {unknown}
Potions
 f - 2 potions of attraction
 o - 5 potions of lignification
 p - a potion of mutation
 r - 3 potions of ambrosia
 t - a potion of brilliance
 z - a potion of cancellation {unknown}
 D - a potion of berserk rage {unknown}


   Skills:
 + Level 6.6 Fighting
 - Level 6.4(9.7) Axes
 - Level 11.2(12.0) Maces & Flails
 - Level 7.8 Armour
 - Level 7.0 Shields


You had 10 spell levels left.
You didn't know any spells.
Your spell library contained the following spells:

 Spells                   Type           Power      Damage    Failure   Level
 Necrotize                Necr           0%         1d4       100%        1
 Shock                    Conj/Air       0%         1d3       100%        1
 Static Discharge         Conj/Air       0%         N/A       100%        2
 Sublimation of Blood     Necr           0%         N/A       100%        2
 Wereblood                Tmut           0%         N/A       100%        2
 Swiftness                Air            0%         N/A       100%        3
 Vampiric Draining        Necr           0%         2d6       100%        3
 Airstrike                Air            0%         N/A       100%        4
 Agony                    Necr           0%         N/A       100%        5
 Lightning Bolt           Conj/Air       0%         1d11      100%        5
 Storm Form               Tmut/Air       0%         N/A       100%        7
 Maxwell's Capacitive Co  Air            0%         ∞         100%        8
 Summon Lightning Spire   Summ/Air       Unusable   N/A       N/A         4
 Summon Hydra             Summ           Unusable   N/A       N/A         7

Dungeon Overview and Level Annotations

Branches:
Dungeon (9/15)             Temple (0/1) D:4            Lair (1/6) D:8
    Orc: D:9-12

Altars:
Ashenzari
Cheibriados
Dithmenos
Elyvilon
Gozag
Makhleb
Nemelex Xobeh
Okawaru
Qazlal
Sif Muna
Trog
Wu Jian
Xom
Zin

Shops:
D:6 [*

Annotations:
D:6 exclusion: downstairs
D:7 3 runed translucent doors


Innate Abilities, Weirdness & Mutations

You are partially covered in yellow scales. (AC +2)
You sometimes gain power by taking damage.
Spells you cast may paralyse nearby enemies.
Your touch may irresistibly damage your foes and sap their willpower.


Message History

You feel very sick. The black mamba completely misses you.
A yak comes into view.
You block the black mamba's attack.
You miss the black mamba.
You feel very sick.
The yak bellows!
You hear a bellow!
You block the black mamba's attack. x2
You feel very mighty all of a sudden.
You feel sick. You block the black mamba's attack. You block the yak's attack.
The black mamba barely misses you.
You thump the black mamba!
The black mamba is lightly wounded.
You feel sick.
The black mamba bites you but does no damage.
You block the yak's attack. The yak gores you but does no damage.
You hit the black mamba.
The black mamba is moderately wounded.
You feel sick.
The black mamba bites you but does no damage. x2
The yak gores you!
* * * LOW HITPOINT WARNING * * *
The yak gores you!
* * * LOW HITPOINT WARNING * * *
You bludgeon the black mamba!!
You kill the black mamba!
Okawaru accepts your kill.
You feel sick.
You hear a bellow!
You block the yak's attack. The yak gores you.
* * * LOW HITPOINT WARNING * * *
You impale the yak!!
The yak is heavily wounded.
You feel sick. The polar bear bites you.
* * * LOW HITPOINT WARNING * * *
The polar bear claws you.
* * * LOW HITPOINT WARNING * * *
The polar bear claws you but does no damage.
The yak gores you!
You die...

##....#.....# .. ###
###......# ..#. .###
###......#.# .# ..#.
#.#........# .. ....
##........#.# ....
#.........#... ....
##.........##....
....
............###+.###
....
......#.....#@YY...#
....
.....##.⌠.##Y#hY...#
.... ....
#...............
.... ##.
#⌠.>..+...⌠.....
.... #
#.....#.......#.
.... ##.⌠.##.#..##.#
.##..#.
###.#.#.....##
.#...##.
#....##.+##.
.......#♣ #...#....
....#...♣


You could see a polar bear and 4 yaks.

Vanquished Creatures
  A hydra (Lair:1)
  A two-headed ogre (D:9)
  Urug (Lair:1)
  Pikel (D:7)
  An ugly thing (D:8)
  2 black mambas (Lair:1)
  4 cane toads (Lair:1)
  A komodo dragon (D:8)
  A troll (D:7)
  A spriggan (Lair:1)
  Sigmund (D:6)
  7 yaks
  A wyvern (Lair:1)
  An unseen horror simulacrum (D:9)
  8 water moccasins
  3 swamp worms (D:7)
  Menkaure (D:6)
  4 orc warriors
  2 sky beasts
  2 black bears
  2 ice beasts
  A centaur (D:8)
  A lemure (D:7)
  4 kobold brigands (D:7)
  3 phantoms
  14 bullfrogs
  2 necrophages
  6 scorpions
  A wight (D:6)
  3 killer bees
  A howler monkey (D:6)
  A gnoll shaman (D:7)
  4 hounds
  A jelly (D:7)
  Crazy Yiuf (D:6)
  3 orc priests
  2 iguanas (D:6)
  9 orc wizards
  A mummy (D:5)
  10 adders
  6 gnolls
  A white imp (D:7)
  2 ufetubi
  3 worms
  3 dart slugs
  33 orcs
  2 ball pythons
  5 endoplasms
  5 giant cockroaches
  5 goblins
  10 hobgoblins
  2 quokkas
  2 bats
  3 frilled lizards
  14 kobolds
  9 rats
219 creatures vanquished.

Vanquished Creatures (others)
  An orc wizard (D:6)
  A fungus (Lair:1)
  10 plants
12 creatures vanquished.

Grand Total: 231 creatures vanquished

Notes
Turn   | Place    | Note
-------+----------+-------------------------------------------
     0 | D:1      | dolemite99 the Demonspawn Fighter began the quest for the
                  | Orb.
     0 | D:1      | Reached XP level 1. HP: 18/18 MP: 1/1
    53 | D:1      | Found a faded altar of an unknown god.
    64 | D:1      | Prayed at the altar of an unknown god.
    64 | D:1      | Became a worshipper of Warmaster Okawaru
    64 | D:1      | Reached * piety under Okawaru
   100 | D:1      | Gained mutation: Spells you cast may paralyse adjacent
                  | enemies. [demonic ancestry]
   100 | D:1      | Reached XP level 2. HP: 19/24 MP: 2/2
  1353 | D:2      | Gained mutation: You are partially covered in yellow
                  | scales. (AC +2) [demonic ancestry]
  1353 | D:2      | Reached XP level 3. HP: 23/29 MP: 3/3
  1732 | D:2      | Identified the +0 ring mail of the Moon {rPois}
  2163 | D:2      | Gained mutation: Your touch may inflict minor irresistible
                  | damage on your foes. [demonic ancestry]
  2163 | D:2      | Reached XP level 4. HP: 34/35 MP: 4/4
  2683 | D:3      | Gained mutation: Spells you cast may paralyse nearby
                  | enemies. [demonic ancestry]
  2683 | D:3      | Reached XP level 5. HP: 36/41 MP: 5/5
  2704 | D:3      | Reached skill level 5 in Axes
  2926 | D:3      | Reached ** piety under Okawaru
  2992 | D:3      | Found a burning altar of Makhleb.
  3884 | D:3      | Gained mutation: You sometimes gain a little power by
                  | taking damage. [demonic ancestry]
  3884 | D:3      | Reached XP level 6. HP: 47/47 MP: 6/6
  4408 | D:4      | Found a shimmering blue altar of Sif Muna.
  4473 | D:4      | Reached skill level 1 in Maces & Flails
  4812 | D:4      | Found a staircase to the Ecumenical Temple.
  4828 | D:4      | Reached skill level 2 in Maces & Flails
  4828 | D:4      | Reached XP level 7. HP: 25/52 MP: 4/7
  4850 | D:4      | Reached skill level 3 in Maces & Flails
  5408 | D:4      | Found an ornate altar of the Wu Jian Council.
  5438 | D:4      | Reached skill level 4 in Maces & Flails
  5909 | D:5      | Entered Level 5 of the Dungeon
  6154 | D:5      | Found a snail-covered altar of Cheibriados.
  6329 | D:5      | Found a stormy altar of Qazlal.
  6416 | D:5      | Reached *** piety under Okawaru
  6417 | D:5      | Reached skill level 5 in Maces & Flails
  6436 | D:5      | Gained mutation: You sometimes gain power by taking damage.
                  | [demonic ancestry]
  6436 | D:5      | Reached XP level 8. HP: 42/58 MP: 8/8
  7012 | D:6      | Reached skill level 6 in Maces & Flails
  7109 | D:6      | Found a bloodstained altar of Trog.
  7155 | D:6      | Found Ryiraobbie's Antique Armour Emporium.
  7224 | D:6      | Reached skill level 7 in Maces & Flails
  7325 | D:6      | Reached **** piety under Okawaru
  7574 | D:6      | Found a sparkling altar of Nemelex Xobeh.
  7644 | D:6      | Found Vebagg's CLEARANCE SALE!.
  7706 | D:6      | Bought a scroll of identify for 10 gold pieces
  7707 | D:6      | Bought a +6 ring of strength for 180 gold pieces
  7707 | D:6      | Bought a ring of see invisible for 75 gold pieces
  7717 | D:6      | Noticed Sigmund
  7731 | D:6      | Killed Sigmund
  7876 | D:6      | Found a runed translucent door.
  7877 | D:6      | Noticed Crazy Yiuf
  7892 | D:6      | Noticed Menkaure
  7910 | D:6      | Killed Menkaure
  7911 | D:6      | Gained mutation: Your touch may inflict irresistible damage
                  | on your foes. [demonic ancestry]
  7911 | D:6      | Reached XP level 9. HP: 67/67 MP: 9/9
  7921 | D:6      | Found a shadowy altar of Dithmenos.
  8084 | D:6      | Reached skill level 5 in Fighting
  8428 | D:6      | Killed Crazy Yiuf
  8499 | D:7      | Found a broken altar of Ashenzari.
  9137 | D:7      | Found a shimmering altar of Xom.
  9453 | D:7      | Reached skill level 5 in Armour
  9745 | D:7      | Reached skill level 5 in Shields
 10162 | D:7      | Noticed a troll
 10184 | D:7      | Killed a troll
 10195 | D:7      | Reached XP level 10. HP: 31/74 MP: 8/10
 10422 | D:7      | Found a runed translucent door.
 10422 | D:7      | Found a runed translucent door.
 10422 | D:7      | Found a runed translucent door.
 10422 | D:7      | Noticed a two-headed ogre
 10631 | D:7      | HP: 3/74 [swamp worm (7)]
 10635 | D:7      | Reached skill level 8 in Maces & Flails
 11188 | D:7      | Noticed Pikel
 11198 | D:7      | Killed Pikel
 11396 | D:8      | Reached skill level 9 in Maces & Flails
 11618 | D:8      | Noticed a green ugly thing
 11627 | D:8      | Killed a green ugly thing
 12398 | D:8      | Found a staircase to the Lair.
 12528 | D:9      | Noticed a two-headed ogre
 12542 | D:9      | Killed a two-headed ogre
 12774 | D:9      | Found an opulent altar of Gozag.
 13245 | Lair:1   | Entered Level 1 of the Lair of Beasts
 13245 | Lair:1   | Noticed Urug
 13262 | Lair:1   | Killed Urug
 13263 | Lair:1   | Gained mutation: Your touch may irresistibly damage your
                  | foes and sap their willpower. [demonic ancestry]
 13263 | Lair:1   | Reached XP level 11. HP: 24/81 MP: 9/11
 14114 | Lair:1   | Identified the +6 war axe "Erisaeg" {vorpal, *Rage rN+
                  | Str+3}
 14118 | Lair:1   | Noticed an eight-headed hydra
 14123 | Lair:1   | Killed an eight-headed hydra
 14124 | Lair:1   | Reached skill level 10 in Maces & Flails
 14345 | Lair:1   | Reached ***** piety under Okawaru
 14446 | Lair:1   | Reached skill level 11 in Maces & Flails
 15088 | Lair:1   | Identified the +1 plate armour of the Bagpipe {Str+3}
                  | (Okawaru gifted it to you on level 1 of the Lair of Beasts)
 15088 | Lair:1   | Received a gift from Okawaru
 15096 | Lair:1   | HP: 4/83 [polar bear (1)]
 15096 | Lair:1   | HP: 1/83 [polar bear (3)]
 15096 | Lair:1   | Mangled by a yak

Illustrated notes

Levels and vault maps discovered:
D:1:      dpeg_arrival_round_a, layout_basic,
          shapermc_ecumenical_altar_totnotflames
D:2:      layout_loops_cross, serial_park_tiny_1, minmay_misc_feat_rows
D:3:      layout_loops_corners, bloody_makhleb, zin_statuary,
          gup_sewer_entry_glass
D:4:      layout_basic, mainiacjoe_overflow_surrounded_room,
          nicolae_wu_jian_glorious_leap, minmay_temple_entry_trees
D:5:      layout_basic, slow_altar_2, grunt_qazlal_sundering
D:6:      layout_loops_ring, lemuel_crystal_altar, mainiacjoe_overflow_alcove_2,
          marbit_many_paths, serial_shops, shop, nicolae_shop_clearance,
          uniq_sigmund, uniq_crazy_yiuf_cottage, uniq_menkaure
D:7:      minmay_the_grid_triangle_9x9_rhombus_full
          [minmay_the_grid_triangle_9x9_steps,
          minmay_the_grid_triangle_9x9_sparse_checkered,
          minmay_the_grid_triangle_9x9_thin_v,
          minmay_the_grid_triangle_9x9_fully_insulated_deathbox,
          minmay_the_grid_triangle_9x9_windchime,
          minmay_the_grid_triangle_9x9_longest,
          minmay_the_grid_triangle_9x9_intruding_spiral,
          minmay_the_grid_triangle_9x9_prize_center], layout_cave_pods,
          mainiacjoe_overflow_small_starburst, ashenzari_conservatory_becter,
          worms_lemuel, uniq_pikel
D:8:      layout_basic, elyvilon_altar_4, david_lair_shrubbed
D:9:      layout_stronghold, nicolae_gozag_cash_rules_everything_around_me,
          serial_ice, serial_ice_b, serial_ice_k, serial_ice_h, serial_ice_c,
          serial_ice_m, uniq_psyche
Lair:1:   layout_hall_layers, grunt_forest_large_clearing_hut,
          grunt_megastairs_1, uniq_urug

Skill      XL: |  1  2  3  4  5  6  7  8  9 10 11 |
---------------+----------------------------------+-----
Axes           | 2 3 4 5 6 |  6.4
Maces & Flails | 2 5 7 9 11 | 11.2
Fighting       | 4 5 6 |  6.6
Armour         | 5 7 |  7.8
Shields        | 6 7 |  7.0

Action                   |  1- 3 |  4- 6 |  7- 9 | 10-12 || total
-------------------------+-------+-------+-------+-------++-------
Melee: War axe           |    99 |   145 |       |       ||   244
       Flail             |       |     3 |   299 |   111 ||   413
       Eveningstar       |       |       |       |    65 ||    65
Throw: Boomerang         |    10 |    24 |    59 |    14 ||   107
       Dart              |       |       |       |    33 ||    33
Invok: Heroism           |       |     1 |    18 |    17 ||    36
Evoke: Wand              |       |       |       |    12 ||    12
  Use: Scroll            |     6 |     1 |    10 |     7 ||    24
       Potion            |       |     2 |     2 |     5 ||     9
 Stab: Invisible         |       |     1 |       |       ||     1
Armor: Scale mail        |    13 |       |       |       ||    13
       Plate armour      |    71 |   105 |   189 |   133 ||   498
       Skin              |       |       |    17 |     5 ||    22
Dodge: Dodged            |    35 |    20 |    50 |    39 ||   144
Block: Buckler           |    26 |    19 |       |       ||    45
       Kite shield       |       |    40 |   132 |   111 ||   283

Table legend: (Time is in decaauts)
 A = Elapsed time spent in this place.
 B = Non-inter-level travel time spent in this place.
 C = Inter-level travel time spent in this place.
 D = Time resting spent in this place.
 E = Time spent auto-exploring this place.
 F = Levels seen in this place.
 G = Mean time per level.
                   A        B        C        D        E       F      G
               +--------+--------+--------+--------+--------+-----+--------+
         Total |  15245 |  14885 |    360 |   7042 |   5324 |  10 | 1524.5 |
       Dungeon |  13395 |  13036 |    359 |   5779 |   4983 |   9 | 1488.3 |
          Lair |   1850 |   1850 |      0 |   1263 |    341 |   1 | 1850.0 |
               +--------+--------+--------+--------+--------+-----+--------+

Top non-repeatable levels by time:
     D:7: 2293 daAuts
     D:6: 2095 daAuts
     D:3: 1953 daAuts
  Lair:1: 1850 daAuts
     D:4: 1526 daAuts
     D:1: 1357 daAuts
     D:8: 1225 daAuts
     D:2: 1178 daAuts
     D:5: 1106 daAuts
     D:9: 659 daAuts
